 Dungeon Crawl Stone Soup version 0.31-a0-960-g0fca184906 (webtiles) character file.

Game seed: 8007745349826244223

176027 GigaChad the Severer (level 18, -15/143 HPs) *EXPLORE*
             Began as a Human Fighter on Oct 19, 2023.
             Was the Champion of the Shining One.
             Killed from afar by a frost giant (20 damage)
             ... with a bolt of cold
             ... on level 1 of the Vaults on Oct 23, 2023.
             The game lasted 00:53:16 (35192 turns).

GigaChad the Severer (Human Fighter)               Turns: 35192, Time: 00:53:16

Health: -15/143    AC: 23    Str: 23    XL:     18   Next: 45%
Magic:  22/22      EV:  9    Int:  9    God:    the Shining One [******]
Gold:   3661       SH: 19    Dex: 14    Spells: 17/17 levels left

rFire   . . .        a - +3 war axe (heavy)
rCold   . . .        K - +2 tower shield
rNeg    + + +        G - +1 plate armour
rPois   .            H - +2 helmet {SInv}
rElec   .            C - +1 cloak
rCorr   .            (no gloves)
SInv    +            (no boots)
Will    +....        (no amulet) Stlth
                     (no ring)
HPRegen 0.43/turn    (no ring)
MPRegen 0.18/turn

%: no passive effects
@: marked, glowing
A: no striking features
}: 1/15 runes: barnacled
a: Renounce Religion, Divine Shield, Cleansing Flame, Summon Divine Warrior,
Brand Weapon With Holy Wrath


You were on level 1 of the Vaults.
You worshipped the Shining One.
The Shining One was exalted by your worship.
You visited 7 branches of the dungeon, and saw 29 of its levels.
You also visited: Volcano.

You collected 3886 gold pieces.
You spent 225 gold pieces at shops.

Inventory:

Hand Weapons
 a - a +3 heavy war axe (weapon)
 R - the +1 long sword of an ossuary {freeze, *Slow rC+ Int+8}
   (You found it on level 4 of the Lair of Beasts)

   Int+8:     It affects your intelligence (+8).
   rC+:       It protects you from cold.
   *Slow:     It may slow you when you take damage.
 U - the +9 war axe "Zutaib" {flame, rElec Str+2}
   (You acquired it on level 2 of the Shoals)

   Str+2:     It affects your strength (+2).
   rElec:     It insulates you from electricity.
Missiles
 s - 9 throwing nets
Armour
 c - a +0 buckler
 C - a +1 cloak (worn)
 G - a +1 plate armour (worn)
 H - a +2 helmet of see invisible (worn)
 K - a +2 tower shield (worn)
Jewellery
 g - a ring of poison resistance
 q - a ring of flight
 x - a ring of willpower
 I - a ring of ice
 L - a ring of see invisible
 M - an amulet of guardian spirit
 W - a ring of willpower
 Z - the ring of the Rabble {Drain Fly rF+ EV+5 Int+4}
   (You took it off a merfolk siren on level 4 of the Shoals)

   [ring of evasion]

   EV+5:      It affects your evasion (+5).
   Int+4:     It affects your intelligence (+4).
   rF+:       It protects you from fire.
   Fly:       It grants you flight.
   Drain:     It drains your maximum health when unequipped.
Talismans
 O - a serpent talisman
Wands
 b - a wand of mindburst (8)
 t - a wand of digging (7)
 B - a wand of roots (23)
 E - a wand of flame (59)
 N - a wand of acid (5)
 P - a wand of paralysis (2)
 S - a wand of polymorph (3)
Scrolls
 e - 2 scrolls of amnesia
 h - 8 scrolls of teleportation
 i - 2 scrolls of noise
 k - 8 scrolls of poison
 n - 3 scrolls of blinking
 r - a scroll of torment
 w - 11 scrolls of identify
 y - a scroll of revelation
 F - 2 scrolls of immolation
 V - a scroll of silence
 Y - a scroll of enchant weapon
Potions
 d - 3 potions of might
 f - a potion of invisibility {unknown}
 j - 2 potions of degeneration {unknown}
 l - 4 potions of berserk rage {unknown}
 m - 5 potions of brilliance {unknown}
 o - 7 potions of curing
 p - 7 potions of mutation {unknown}
 u - 4 potions of lignification {unknown}
 v - 7 potions of heal wounds {unknown}
 z - 5 potions of magic {unknown}
 A - a potion of cancellation {unknown}
 D - 3 potions of enlightenment {unknown}
 J - a potion of resistance {unknown}
 Q - 3 potions of haste {unknown}
 T - a potion of attraction {unknown}
Miscellaneous
 X - a phial of floods


   Skills:
 * Level 13.0 Fighting
 * Level 1.7 Long Blades
 * Level 16.5 Axes
 * Level 13.9 Armour
 * Level 9.9 Dodging
 * Level 10.7 Stealth
 * Level 12.5 Shields
 * Level 6.1 Invocations
 * Level 5.5 Evocations
 * Level 5.1 Shapeshifting


You had 17 spell levels left.
You didn't know any spells.
Your spell library contained the following spells:

 Spells                   Type           Power      Damage    Failure   Level
 Apportation              Tloc           0%         N/A       100%        1
 Freeze                   Ice            0%         1d3       100%        1
 Kiss of Death            Conj/Necr      0%         2d5       100%        1
 Necrotise                Necr           0%         1d4       100%        1
 Summon Small Mammal      Summ           0%         N/A       100%        1
 Ensorcelled Hibernation  Hex/Ice        0%         N/A       100%        2
 Passwall                 Tmut/Erth      0%         N/A       100%        2
 Call Canine Familiar     Summ           0%         N/A       100%        3
 Confusing Touch          Hex            0%         N/A       100%        3
 Frozen Ramparts          Ice            0%         1d1       100%        3
 Hailstorm                Conj/Ice       0%         3d3       100%        3
 Summon Guardian Golem    Hex/Summ       0%         N/A       100%        3
 Swiftness                Air            0%         N/A       100%        3
 Tukima's Dance           Hex            0%         N/A       100%        3
 Volatile Blastmotes      Fire/Tloc      0%         2d10      100%        3
 Dimensional Bullseye     Hex/Tloc       0%         N/A       100%        4
 Dispel Undead            Necr           0%         3d6       100%        4
 Fulminant Prism          Conj/Hex       0%         3d5       100%        4
 Iskenderun's Mystic Bla  Conj/Tloc      0%         2d3       100%        4
 Vhi's Electric Charge    Tloc/Air       0%         N/A       100%        4
 Arcjolt                  Conj/Air       0%         1d10      100%        5
 Maxwell's Capacitive Co  Air            0%         ∞         100%        8


Dungeon Overview and Level Annotations

Branches:
Dungeon (15/15)            Temple (1/1) D:7            Lair (5/5) D:9
 Shoals (4/4) Lair:2       Spider (0/4) Lair:2        Slime (0/5) Lair:5
    Orc (2/2) D:11            Elf (0/3) Orc:2        Vaults (1/5) D:13
 Depths (1/4) D:15        Volcano (visited)

Altars:
Ashenzari
Cheibriados
Dithmenos
Elyvilon
Fedhas
Gozag
Hepliaklqana
Kikubaaqudgha
Makhleb
Nemelex Xobeh
Okawaru
Qazlal
Ru
Sif Muna
Trog
Uskayaw
Vehumet
Wu Jian
Xom
Yredelemnul
Zin
The Shining One
Jiyva

Shops:
D:6 [   D:7 [   D:14 :   Orc:1 (   Orc:2 *[:*:

Annotations:
D:11 2 transporters, sokol815's ghost, novice OpBr
Shoals:1 exclusion: oklob plant


Message History

Unknown command.
You completely miss the great orb of eyes.
The great orb of eyes is almost dead.
You completely miss the ironbound preserver simulacrum.
You slash the frost giant!
You block the ironbound preserver simulacrum's attack.
The great orb of eyes gazes at you. You resist with some effort.
You block the frost giant's attack.
You hit the great orb of eyes.
The great orb of eyes is almost dead.
You hit the frost giant but do no damage.
You hit the ironbound preserver simulacrum.
The ironbound preserver simulacrum hits you.
The ironbound preserver simulacrum freezes you!!!
The great orb of eyes bites you but does no damage.
The frost giant hits you but does no damage.
Unknown command.
You completely miss the great orb of eyes.
The great orb of eyes is almost dead.
You slice the frost giant!!
You hit the ironbound preserver simulacrum.
The great orb of eyes bites you! You block the frost giant's attack.
The ironbound preserver simulacrum hits you but does no damage.
The great orb of eyes gazes at you. You resist with some effort.
The frost giant points at you and mumbles some strange words.
The bolt of cold misses you.
Unknown command.
You hit the great orb of eyes.
You kill the great orb of eyes!
You hit the frost giant.
You slash the ironbound preserver simulacrum!
The frost giant's soul is no longer bound.
The ironbound preserver simulacrum hits you!
* * * LOW HITPOINT WARNING * * *
The ironbound preserver simulacrum freezes you!!
* * * LOW HITPOINT WARNING * * *
The frost giant gestures at you while chanting.
The bolt of cold hits you!!
You die...

##''''### #..# ##
.8....8.# #..# #..
........# ##..#
#... ........#
#..# #..#
#######'######.#
#..#
#.÷....[..+.##
#..#
#.#÷....#.#.)##[.#
#.##...##.##Z)C.#
#..##.##..###@)##
#...###...# ####
#....#....#
#...###...#
#..##.##..#
#.##†..##.#
#.#.....#.#
#.........#
######'#######


You could see a frost giant and an ironbound preserver simulacrum.

Vanquished Creatures
  Nikola (Shoals:2)
  A sphinx (Vaults:1)
  The ghost of arthad the Devastator, an adept TeFE of Vehumet (Shoals:3)
  2 vault wardens (Vaults:1)
  A frost giant (Shoals:4)
  2 ironbound preservers (Vaults:1)
  An ironbound thunderhulk (Vaults:1)
  5 dire elephants (Lair:5)
  Snorg (D:13)
  An ettin (Orc:1)
  7 merfolk impalers
  A merfolk javelineer (Shoals:2)
  2 yaktaur captains (Vaults:1)
  A great orb of eyes (Vaults:1)
  Fannar (D:12)
  A vault guard (D:13)
  A rakshasa (D:14)
  6 hydras
  An ogre mage (Volcano)
  6 merfolk aquamancers
  An ironbound frostheart (Vaults:1)
  3 centaur warriors
  2 catoblepae
  6 boulder beetles
  9 two-headed ogres
  A satyr (Shoals:3)
  7 death yaks
  A deep troll earth mage (D:15)
  An orc high priest (Orc:2)
  3 tengu warriors
  Nergalle (D:11)
  A hell knight (Volcano)
  Sonja (D:10)
  5 skeletal warriors (D:15)
  7 skysharks
  A spectral death yak (Lair:5)
  12 sea snakes
  5 deep trolls (Vaults:1)
  A spectral anaconda (Lair:5)
  A glowing orange brain (Vaults:1)
  A flayed ghost (D:11)
  An obsidian statue (Lair:5)
  A deep elf archer (D:14)
  An arcanist (Vaults:1)
  4 orc knights
  5 necromancers
  6 ironbound convokers (Vaults:1)
  3 deep elf pyromancers
  8 harpies (Shoals:2)
  3 lindwurms (Vaults:1)
  10 cyclopes
  26 ugly things
  12 manticores
  5 fauns (Shoals:3)
  19 elephants
  9 orc sorcerers
  3 black mambas
  12 merfolk sirens
  4 water nymphs
  4 vault sentinels (Vaults:1)
  A gargoyle (D:11)
  8 cane toads
  2 unseen horrors
  3 rime drakes
  9 komodo dragons
  An unseen horror (shapeshifter) (D:13)
  An efreet (D:13)
  8 yaktaurs
  5 trolls
  A tengu conjurer (D:15)
  12 merfolk
  A polar bear (Lair:3)
  A polar bear (shapeshifter) (D:15)
  Grinder (D:4)
  7 wind drakes
  A tarantella (shapeshifter) (D:14)
  7 blink frogs
  A blink frog (shapeshifter) (D:13)
  A spectral elephant (Lair:5)
  8 snapping turtles
  2 dream sheep (Shoals:3)
  11 slime creatures
  A vampire (D:14)
  6 wyverns
  4 wraiths
  31 yaks
  10 water elementals
  8 basilisks
  7 fire bats (Volcano)
  A death yak simulacrum (Lair:5)
  3 redbacks (Lair:2)
  4 vampire mosquitoes (D:12)
  4 steam dragons
  Menkaure (D:6)
  3 wargs
  A spectral cane toad (Lair:5)
  An acid dragon (D:10)
  12 water moccasins
  2 elephant zombies (Lair:5)
  18 orc warriors
  An ice beast (D:8)
  A sky beast (D:6)
  4 black bears
  8 ogres
  14 centaurs
  21 wolves
  An elephant skeleton (Lair:5)
  2 phantoms
  2 kobold brigands (D:9)
  10 bullfrogs
  4 gnoll sergeants
  A scorpion (D:5)
  24 wights
  19 killer bees
  2 electric eels
  12 howler monkeys
  6 lava snakes
  2 gnoll boudas
  3 hounds
  A jelly (D:6)
  21 orc priests
  7 iguanas
  25 orc wizards
  41 gnolls
  11 adders
  A shadow imp (D:5)
  A white imp (D:5)
  5 ufetubi
  5 worms
  6 dart slugs
  77 orcs
  5 bats
  5 endoplasms
  6 giant cockroaches
  16 goblins
  12 hobgoblins
  6 jackals (D:6)
  5 quokkas
  7 ball pythons
  4 frilled lizards
  15 kobolds
  7 rats
884 creatures vanquished.

Vanquished Creatures (others)
  A manticore (Shoals:2)
  A wind drake (Shoals:2)
  An orc warrior (Orc:2)
  An orc priest (Orc:2)
  An orc wizard (Orc:2)
  A gnoll (D:6)
6 creatures vanquished.

Grand Total: 890 creatures vanquished

Notes
Turn   | Place    | Note
-------+----------+-------------------------------------------
     0 | D:1      | GigaChad the Human Fighter began the quest for the Orb.
     0 | D:1      | Reached XP level 1. HP: 18/18 MP: 1/1
     0 | D:1      | Entered explore mode.
     0 | D:1      | Upgraded the game from 0.31-a0-931-g7b59d4eb97 to
                  | 0.31-a0-940-gdaa99269f9
    95 | D:1      | Reached XP level 2. HP: 24/24 MP: 2/2
   127 | D:1      | Found a faded altar of an unknown god.
   276 | D:1      | Reached XP level 3. HP: 21/29 MP: 3/3
  1020 | D:2      | Reached XP level 4. HP: 35/35 MP: 4/4
  1927 | D:3      | Reached skill level 3 in Axes
  1931 | D:3      | Killed by divine providence
                  | ... invoked by an orc priest
                  | (14 damage)
  1943 | D:3      | Killed by divine providence
                  | ... invoked by an orc priest
                  | (15 damage)
  1946 | D:3      | HP: 1/35 [orc priest/divine providence (14)]
  1948 | D:3      | Reached skill level 1 in Stealth
  1948 | D:3      | Reached XP level 5. HP: 2/41 MP: 5/5
  2258 | D:3      | Reached skill level 1 in Dodging
  2318 | D:3      | Found a broken altar of Ashenzari.
  2528 | D:3      | Reached XP level 6. HP: 47/47 MP: 6/6
  2714 | D:4      | Reached skill level 4 in Axes
  2914 | D:4      | HP: 2/48 [gnoll/+0 whip (2)]
  2914 | D:4      | Slain by a gnoll
                  | ... wielding a +0 spear of freezing
                  | (3 damage)
  2926 | D:4      | HP: 1/48 [gnoll/+0 spear (3)]
  2929 | D:4      | Slain by an orc wizard
                  | ... wielding a +0 dagger
                  | (4 damage)
  2932 | D:4      | Reached XP level 7. HP: 45/53 MP: 7/7
  3007 | D:4      | Noticed Grinder
  3015 | D:4      | Paralysed by Grinder for 3 turns
  3024 | D:4      | Killed Grinder
  3025 | D:4      | Reached skill level 5 in Axes
  3505 | D:5      | Entered Level 5 of the Dungeon
  3679 | D:5      | Reached XP level 8. HP: 47/60 MP: 8/8
  3743 | D:5      | HP: 1/60 [gnoll/+0 halberd (10)]
  3743 | D:5      | Slain by a gnoll
                  | ... wielding a +0 flail
                  | (4 damage)
  4092 | D:5      | Reached skill level 6 in Axes
  4370 | D:5      | Found a blossoming altar of Fedhas.
  4375 | D:5      | Reached skill level 5 in Armour
  4541 | D:5      | Found a sacrificial altar of Ru.
  4733 | D:6      | Slain by a wight
                  | ... wielding a +5 mace
                  | (4 damage)
  4734 | D:6      | HP: 2/48 [wight/+3 hand axe of freezing (1)]
  4735 | D:6      | Slain by a wight
                  | ... wielding a +0 spear
                  | (4 damage)
  4740 | D:6      | HP: 2/46 [wight/+0 spear (7)]
  4740 | D:6      | Slain by a wight
                  | ... wielding a +0 spear
                  | (3 damage)
  4743 | D:6      | Slain by a wight
                  | ... wielding a +0 spear
                  | (4 damage)
  4747 | D:6      | Slain by a wight
                  | ... wielding a +4 flail
                  | (8 damage)
  4793 | D:6      | Reached XP level 9. HP: 20/57 MP: 9/9
  4922 | D:6      | Found Nakarr's Armour Boutique.
  5007 | D:6      | HP: 2/58 [electric eel/bolt of electricity (7)]
  5010 | D:6      | Slain by a gnoll
                  | ... wielding a +0 spear
                  | (2 damage)
  5028 | D:6      | HP: 3/60 [gnoll sergeant/+0 trident (4)]
  5031 | D:6      | Hit by a stone thrown by a gnoll (4 damage)
  5052 | D:6      | Noticed Menkaure
  5072 | D:6      | Mangled by Menkaure (21 damage)
  5078 | D:6      | Reached skill level 7 in Axes
  5081 | D:6      | Killed Menkaure
  5082 | D:6      | Reached skill level 5 in Fighting
  5083 | D:6      | HP: 3/68 [gnoll sergeant/+0 trident (7)]
  5084 | D:6      | HP: 1/68 [gnoll/stone (2)]
  5085 | D:6      | Mangled by a gnoll sergeant
                  | ... wielding a +0 spear
                  | (8 damage)
  5110 | D:6      | HP: 2/68 [gnoll sergeant/+0 trident (14)]
  5114 | D:6      | Hit by a boomerang thrown by a gnoll (6 damage)
  5138 | D:6      | Slain by a gnoll sergeant
                  | ... wielding a +0 trident
                  | (14 damage)
  5505 | D:6      | Found an ornate altar of the Wu Jian Council.
  5663 | D:6      | HP: 3/68 [water moccasin (6)]
  5664 | D:6      | Succumbed to a water moccasin's poison
  6455 | D:7      | Found a staircase to the Ecumenical Temple.
  6488 | D:7      | Reached skill level 5 in Shields
  6513 | Temple   | Entered the Ecumenical Temple
  6542 | Temple   | Became a worshipper of the Shining One
  6792 | D:7      | Found a snail-covered altar of Cheibriados.
  6950 | D:7      | Reached skill level 8 in Axes
  6988 | D:7      | Found a shimmering altar of Xom.
  6990 | D:7      | Found a basalt altar of Yredelemnul.
  6999 | D:7      | HP: 1/68 [steam dragon] (5)]
  7000 | D:7      | Engulfed by a steam dragon's steam (2 damage)
  7003 | D:7      | Reached XP level 10. HP: 74/76 MP: 10/10
  7269 | D:7      | Found Ifiazydu's Armour Boutique.
  7403 | D:8      | Identified the ring "Uprat" {rPois AC+4 Str-4 Slay-4
                  | Stlth+}
  7563 | D:8      | HP: 3/72 [wight/+2 halberd (11)]
  7564 | D:8      | Mangled by a wight
                  | ... wielding a +2 halberd
                  | (11 damage)
  7869 | D:8      | Found a hide-covered altar of Uskayaw.
  7878 | D:8      | Reached * piety under the Shining One
  7903 | D:8      | HP: 1/70 [wight/+4 trident (6)]
  7904 | D:8      | Mangled by a wight
                  | ... wielding a +4 trident
                  | (10 damage)
  7907 | D:8      | Reached skill level 9 in Axes
  8166 | D:9      | Slain by a wight
                  | ... wielding a +0 trident
                  | (5 damage)
  8399 | D:9      | Found a staircase to the Lair.
  8399 | D:9      | Noticed an elephant
  8400 | D:9      | Reached ** piety under the Shining One
  8413 | D:9      | HP: 3/69 [elephant (2)]
  8414 | D:9      | Slain by an elephant (5 damage)
                  | ... while petrified by a basilisk
  8428 | D:9      | Reached skill level 5 in Stealth
  8432 | D:9      | Killed an elephant
  8433 | D:9      | Reached XP level 11. HP: 34/83 MP: 11/11
  8449 | D:9      | HP: 2/82 [wight/+2 great sword (13)]
  8451 | D:9      | The Shining One protects you from harm!
  8453 | D:9      | Succumbed to a kobold's poison
  8496 | D:9      | Noticed a two-headed ogre
  8505 | D:9      | Killed a two-headed ogre
  8836 | D:9      | Reached skill level 10 in Axes
  9325 | D:10     | Entered Level 10 of the Dungeon
  9341 | D:10     | Reached skill level 5 in Dodging
  9344 | D:10     | HP: 4/84 [killer bee (4)]
  9345 | D:10     | Succumbed to a killer bee's poison
  9592 | D:10     | Noticed Sonja
  9605 | D:10     | Slain by a gnoll sergeant
                  | ... wielding a +0 trident
                  | (8 damage)
  9615 | D:10     | The Shining One protects you from harm!
  9616 | D:10     | Killed Sonja
  9616 | D:10     | Succumbed to Sonja's poison
 10067 | D:10     | Noticed a two-headed ogre
 10077 | D:10     | Killed a two-headed ogre
 10223 | Gauntlet | Identified the of Ciegharoiss
 10223 | Gauntlet | Identified the "Isijic"
 10237 | D:11     | Noticed a deep elf pyromancer
 10279 | D:11     | Noticed a two-headed ogre
 10286 | D:11     | Slain by a two-headed ogre
                  | ... wielding a +0 giant spiked club
                  | (7 damage)
 10292 | D:11     | Killed a two-headed ogre
 10302 | D:11     | Noticed a two-headed ogre
 10311 | D:11     | Slain by a two-headed ogre
                  | ... wielding a +0 giant spiked club
                  | (24 damage)
 10311 | D:11     | Noticed Nergalle
 10315 | D:11     | Killed a two-headed ogre
 10323 | D:11     | The Shining One protects you from harm!
 10327 | D:11     | Killed by divine providence
                  | ... invoked by an orc priest
                  | (9 damage)
 10333 | D:11     | Reached skill level 11 in Axes
 10333 | D:11     | Reached XP level 12. HP: 81/92 MP: 12/12
 10335 | D:11     | Killed Nergalle
 10371 | D:11     | Reached *** piety under the Shining One
 10705 | D:11     | Noticed sokol815's ghost (novice OpBr)
 10733 | D:11     | Found a transporter.
 10746 | D:11     | Found a transporter.
 11021 | D:11     | Noticed a flayed ghost
 11030 | D:11     | Killed a flayed ghost
 11035 | D:11     | Identified the +11 sling of the Iron City of Dis {elec, rF+
                  | rN+++ rCorr Dex-4}
 11127 | D:11     | Found a staircase to the Orcish Mines.
 11241 | Orc:1    | Entered Level 1 of the Orcish Mines
 11243 | Orc:1    | Found Wiessazec's Antique Weapon Boutique.
 11260 | Orc:1    | The Shining One protects you from harm!
 11261 | Orc:1    | Slain by an orc knight
                  | ... wielding a +3 great sword
                  | (14 damage)
 11265 | Orc:1    | Slain by an orc knight
                  | ... wielding a +3 great sword
                  | (27 damage)
 11561 | Orc:1    | Upgraded the game from 0.31-a0-940-gdaa99269f9 to
                  | 0.31-a0-960-g0fca184906
 11588 | Orc:1    | Noticed a boulder beetle
 11603 | Orc:1    | Hit by a large rock thrown by a cyclops (19 damage)
 11655 | Orc:1    | Killed a boulder beetle
 11656 | Orc:1    | Reached skill level 12 in Axes
 11918 | Orc:1    | Noticed an ettin
 11926 | Orc:1    | Mangled by an ettin
                  | ... wielding a +0 dire flail
                  | (17 damage)
 11930 | Orc:1    | Mangled by an ettin
                  | ... wielding a +0 dire flail
                  | (35 damage)
 11931 | Orc:1    | Killed an ettin
 12164 | Orc:2    | Entered Level 2 of the Orcish Mines
 12187 | Orc:2    | Reached **** piety under the Shining One
 12191 | Orc:2    | Killed from afar by an orc sorcerer (20 damage)
                  | ... with a bolt of fire
 12196 | Orc:2    | Mangled by an orc warrior
                  | ... wielding a +0 glaive
                  | (17 damage)
 12200 | Orc:2    | HP: 3/94 [orc warrior/+0 hand axe (13)]
 12200 | Orc:2    | Mangled by an orc warrior
                  | ... wielding a +0 glaive
                  | (9 damage)
 12202 | Orc:2    | Slain by a smoke demon (4 damage)
                  | ... summoned by an orc sorcerer
 12210 | Orc:2    | Mangled by an orc warrior
                  | ... wielding a +0 glaive
                  | (13 damage)
 12215 | Orc:2    | Paralysed by an orc sorcerer for 4 turns
 12217 | Orc:2    | HP: 4/94 [orc priest/divine providence (15)]
 12217 | Orc:2    | The Shining One protects you from harm!
 12217 | Orc:2    | Mangled by an orc warrior
                  | ... wielding a +0 glaive
                  | (10 damage)
                  | ... while paralysed by an orc sorcerer
 12223 | Orc:2    | HP: 1/94 [orc sorcerer/+0 dagger (6)]
 12223 | Orc:2    | Mangled by an orc warrior
                  | ... wielding a +0 glaive
                  | (9 damage)
 12228 | Orc:2    | HP: 3/94 [orc priest/+0 hand axe of flaming (2)]
 12228 | Orc:2    | Mangled by an orc sorcerer
                  | ... wielding a +0 dagger
                  | (8 damage)
 12233 | Orc:2    | HP: 1/94 [orc priest/divine providence (13)]
 12233 | Orc:2    | Mangled by an orc sorcerer
                  | ... wielding a +0 dagger
                  | (9 damage)
 12236 | Orc:2    | Noticed a sixfirhy
 12236 | Orc:2    | Mangled by an orc warrior
                  | ... wielding a +0 glaive
                  | (24 damage)
 12237 | Orc:2    | Paralysed by an orc sorcerer for 3 turns
 12239 | Orc:2    | Slain by an orc warrior
                  | ... wielding a +0 glaive
                  | (14 damage)
                  | ... while paralysed by an orc sorcerer
 12241 | Orc:2    | Succumbed to an orange demon's poison
 12241 | Orc:2    | Mangled by an orc warrior
                  | ... wielding a +0 glaive
                  | (18 damage)
 12244 | Orc:2    | Killed by divine providence
                  | ... invoked by an orc priest
                  | (13 damage)
 12245 | Orc:2    | Noticed a soul eater
 12248 | Orc:2    | HP: 2/94 [orc priest/+0 hand axe of flaming (3)]
 12248 | Orc:2    | Demolished by an orc warrior
                  | ... wielding a +0 glaive
                  | (20 damage)
 12252 | Orc:2    | Paralysed by an orc sorcerer for 2 turns
 12253 | Orc:2    | The Shining One protects you from harm!
 12253 | Orc:2    | Slain by an orc priest
                  | ... wielding a +0 war axe
                  | (11 damage)
                  | ... while paralysed by an orc sorcerer
 12254 | Orc:2    | Noticed an orc high priest
 12257 | Orc:2    | Paralysed by an orc sorcerer for 5 turns
 12259 | Orc:2    | HP: 1/93 [orc warrior/+0 glaive (6)]
 12259 | Orc:2    | The Shining One protects you from harm!
 12259 | Orc:2    | Killed by divine providence
                  | ... invoked by an orc priest
                  | (12 damage)
                  | ... while paralysed by an orc sorcerer
 12267 | Orc:2    | HP: 1/93 [red devil/+0 trident[an orc sorcerer] (4)]
 12267 | Orc:2    | Mangled by an orc warrior
                  | ... wielding a +0 glaive
                  | (8 damage)
 12270 | Orc:2    | Reached XP level 13. HP: 87/100 MP: 13/13
 12272 | Orc:2    | Reached skill level 10 in Armour
 12278 | Orc:2    | HP: 2/100 [orc priest/+0 whip (5)]
 12278 | Orc:2    | Slain by a rust devil (4 damage)
                  | ... summoned by an orc high priest
 12286 | Orc:2    | The Shining One protects you from harm!
 12287 | Orc:2    | HP: 1/101 [orc wizard/+0 dagger (5)]
 12287 | Orc:2    | Killed from afar by an orc wizard (9 damage)
                  | ... with a magic dart
 12302 | Orc:2    | Mangled by an orc warrior
                  | ... wielding a +0 glaive
                  | (19 damage)
 12322 | Orc:2    | Annihilated by an ogre
                  | ... wielding a +0 giant club
                  | (31 damage)
 12349 | Orc:2    | HP: 2/101 [orc warrior/+0 glaive[an orc knight] (22)]
 12349 | Orc:2    | Mangled by an orc warrior
                  | ... wielding a +0 scimitar
                  | ... led by an orc knight
                  | (14 damage)
 12360 | Orc:2    | HP: 4/101 [orc knight/+1 long sword (9)]
 12360 | Orc:2    | Demolished by an orc warrior
                  | ... wielding a +0 glaive
                  | ... led by an orc knight
                  | (19 damage)
 12374 | Orc:2    | HP: 1/101 [orc knight/+1 long sword (18)]
 12464 | Orc:2    | The Shining One protects you from harm!
 12469 | Orc:2    | Paralysed by an orc sorcerer for 5 turns
 12779 | Orc:2    | Found Fiqunkat's Assorted Antiques.
 12839 | Orc:2    | Mangled by an orc warrior
                  | ... wielding a +0 glaive
                  | (14 damage)
 12855 | Orc:2    | Found a staircase to the Elven Halls.
 12974 | Orc:2    | Found Onnehiwig's General Store.
 12975 | Orc:2    | Found Kinlahoyfu's Antique Armour Shop.
 12976 | Orc:2    | Found Juramilu's Book Shop.
 12980 | Orc:2    | Found Yrphiesch's Book Boutique.
 12986 | Orc:2    | Bought a shiny helmet for 225 gold pieces
 13908 | D:12     | Noticed a catoblepas
 13926 | D:12     | HP: 2/101 [yak (5)]
 13927 | D:12     | Demolished by a catoblepas (16 damage)
 13942 | D:12     | Killed a catoblepas
 14225 | D:12     | Reached skill level 13 in Axes
 14470 | D:12     | Noticed Fannar
 14477 | D:12     | Mangled by a very large slime creature (40 damage)
 14492 | D:12     | Killed Fannar
 14635 | D:12     | Reached ***** piety under the Shining One
 14682 | D:12     | HP: 3/102 [boulder beetle (19)]
 14686 | D:12     | Found an opulent altar of Gozag.
 15894 | D:13     | The Shining One protects you from harm!
 15897 | D:13     | The Shining One protects you from harm!
 15897 | D:13     | HP: 2/103 [efreet/+2 scimitar of flaming (9)]
 16181 | D:13     | Noticed Snorg
 16191 | D:13     | Slain by Snorg (12 damage)
 16194 | D:13     | Killed Snorg
 16254 | D:13     | Noticed a vault guard
 16255 | D:13     | a rime drake changed into an entropy weaver
 16255 | D:13     | Noticed an entropy weaver (shapeshifter)
 16259 | D:13     | Noticed a six-headed hydra
 16264 | D:13     | Killed a two-headed hydra
 16270 | D:13     | HP: 4/103 [entropy weaver (shapeshifter) (12)]
 16272 | D:13     | The Shining One protects you from harm!
 16273 | D:13     | Slain by a vault guard
                  | ... wielding a +0 long sword
                  | (9 damage)
 16291 | D:13     | Reached XP level 14. HP: 18/109 MP: 14/14
 16294 | D:13     | Reached skill level 10 in Fighting
 16294 | D:13     | HP: 1/110 [fire crab (shapeshifter) (9)]
 16294 | D:13     | The Shining One protects you from harm!
 16296 | D:13     | Mangled by a boulder beetle (10 damage)
 17190 | D:13     | Found a gate to the Vaults.
 17300 | D:14     | Slain by a slime creature (9 damage)
 17511 | D:14     | HP: 3/110 [red ugly thing (12)]
 17512 | D:14     | Slain by a tengu warrior
                  | ... wielding a +2 great sword
                  | (5 damage)
 17518 | D:14     | Slain by a boulder beetle (18 damage)
 17534 | D:14     | Reached skill level 14 in Axes
 17537 | D:14     | Annihilated by a boulder beetle (35 damage)
 17950 | D:14     | Found a stormy altar of Qazlal.
 17976 | D:14     | Found Deops's Book Shop.
 17998 | D:14     | Slain by a deep elf archer
                  | ... wielding a +0 dagger of speed
                  | (12 damage)
 18325 | D:14     | Slain by an enormous slime creature (13 damage)
 18334 | D:14     | The Shining One protects you from harm!
 18712 | D:15     | Entered Level 15 of the Dungeon
 18750 | D:15     | The Shining One protects you from harm!
 18750 | D:15     | HP: 4/111 [fire elemental[a deep elf pyromancer] (3)]
 18750 | D:15     | Slain by a purple ugly thing (4 damage)
                  | ... while petrified by a basilisk
 18763 | D:15     | HP: 3/111 [centaur[a centaur warrior] (5)]
 18764 | D:15     | The Shining One protects you from harm!
 18764 | D:15     | Slain by a green ugly thing (4 damage)
 18778 | D:15     | The Shining One protects you from harm!
 18778 | D:15     | Slain by a green ugly thing (12 damage)
 18787 | D:15     | HP: 3/111 [poisoned by a green ugly thing]
 18788 | D:15     | The Shining One protects you from harm!
 18789 | D:15     | Reached skill level 1 in Invocations
 18789 | D:15     | HP: 1/111 [poisoned by a green ugly thing]
 18790 | D:15     | Succumbed to a green ugly thing's poison
 18903 | D:15     | Reached skill level 1 in Shapeshifting
 18938 | D:15     | Reached skill level 1 in Evocations
 19061 | D:15     | HP: 4/111 [white ugly thing (23)]
 19391 | D:15     | Reached XP level 15. HP: 47/117 MP: 14/16
 19757 | D:15     | Slain by a skeletal warrior
                  | ... wielding a +0 battleaxe
                  | (13 damage)
 19929 | D:15     | Demolished by a red ugly thing (23 damage)
 20210 | D:15     | Found a staircase to the Depths.
 20325 | D:15     | Slain by a red ugly thing (9 damage)
 20331 | D:15     | Slain by a white ugly thing (8 damage)
 20929 | Vaults:2 | Identified the of Wottiol
 20929 | Vaults:5 | Identified the "Pisufuh"
 20929 | Vaults:5 | Identified the "Unohuil"
 20929 | Vaults:5 | Identified the of Jarphie
 20929 | Depths:1 | Entered Level 1 of the Depths
 21067 | D:15     | HP: 1/118 [orc knight/+0 dire flail (8)]
 21067 | D:15     | Slain by an orc warrior
                  | ... wielding a +0 trident
                  | ... led by an orc knight
                  | (3 damage)
 21432 | Lair:1   | Entered Level 1 of the Lair of Beasts
 22277 | Lair:2   | Found a hole to the Spider Nest.
 22302 | Lair:2   | Slain by a catoblepas (14 damage)
 22327 | Lair:2   | HP: 4/119 [poisoned by a black mamba]
 22329 | Lair:2   | HP: 1/119 [poisoned by a black mamba]
 22330 | Lair:2   | Mangled by a black mamba (13 damage)
 22455 | Lair:2   | Reached skill level 15 in Axes
 22513 | Lair:2   | Found a staircase to the Shoals.
 22513 | Lair:2   | Reached ****** piety under the Shining One
 22665 | Lair:2   | You fall into a shaft and drop 1 floor!
 23190 | Lair:3   | Found a dark tunnel.
 23209 | Volcano  | Entered a volcano
 23450 | Volcano  | HP: 4/119 [hell knight/+0 halberd of flaming (4)]
 23458 | Volcano  | The Shining One protects you from harm!
 23458 | Volcano  | HP: 5/119 [hell knight/+0 halberd of flaming (2)]
 23469 | Volcano  | Found a bloodstained altar of Trog.
 23782 | Volcano  | Found a radiant altar of Vehumet.
 23878 | Lair:3   | Reached skill level 10 in Shields
 23991 | Lair:3   | Reached XP level 16. HP: 85/125 MP: 18/18
 25348 | Lair:4   | Identified the +1 long sword of an ossuary {freeze, *Slow
                  | rC+ Int+8}
 26023 | Lair:5   | Entered Level 5 of the Lair of Beasts
 26505 | Lair:5   | Found a viscous altar of Jiyva.
 26505 | Lair:5   | Found a staircase to the Slime Pits.
 27228 | Lair:5   | Mangled by a dire elephant (20 damage)
 27239 | Lair:5   | HP: 2/127 [dire elephant (9)]
 27242 | Lair:5   | Demolished by a dire elephant (20 damage)
 28484 | Shoals:1 | Entered Level 1 of the Shoals
 28811 | Shoals:1 | HP: 5/127 [poisoned by a sea snake]
 29752 | Shoals:1 | Reached XP level 17. HP: 133/133 MP: 20/20
 30032 | Shoals:2 | Noticed Nikola
 30044 | Shoals:2 | Slain by a manticore (14 damage)
 30049 | Shoals:2 | Reached skill level 16 in Axes
 30064 | Shoals:2 | Killed from afar by Nikola (59 damage)
                  | ... with an arc of chain lightning
 30089 | Shoals:2 | Killed from afar by Nikola (49 damage)
                  | ... with an arc of chain lightning
 30098 | Shoals:2 | Killed from afar by Nikola (66 damage)
                  | ... with an arc of chain lightning
 30100 | Shoals:2 | Killed Nikola
 30101 | Shoals:2 | Reached skill level 10 in Stealth
 30251 | Shoals:2 | HP: 3/133 [harpy (5)]
 30252 | Shoals:2 | Slain by a harpy (6 damage)
 30909 | Shoals:2 | Reached skill level 5 in Invocations
 31163 | Shoals:2 | Identified 2 scrolls of acquirement
 31163 | Shoals:2 | Acquired the +9 war axe "Zutaib" {flame, rElec Str+2}
 31166 | Shoals:2 | Acquired 1209 gold pieces
 31177 | Shoals:3 | HP: 4/133 [merfolk aquamancer/shard of ice (45)]
 31177 | Shoals:3 | Slain by a water elemental (5 damage)
                  | ... led by a merfolk aquamancer
 31187 | Shoals:3 | Slain by a manticore (9 damage)
 31395 | Shoals:3 | The Shining One protects you from harm!
 31400 | Shoals:3 | HP: 3/133 [wind drake/the air (13)]
 31402 | Shoals:3 | Noticed arthad's ghost (adept TeFE)
 31628 | Shoals:3 | Identified the +5 orcbow "Yntucu" {freeze, rElec Will+
                  | Str-5 Int+2}
 31710 | Shoals:3 | Found a runed translucent gate.
 31710 | Shoals:3 | Found a runed translucent gate.
 31711 | Shoals:3 | Found a runed translucent gate.
 31766 | Shoals:3 | The Shining One protects you from harm!
 31770 | Shoals:3 | Killed from afar by arthad's ghost (14 damage)
 31779 | Shoals:3 | HP: 4/133 [drowned by a water nymph (7)]
 31780 | Shoals:3 | Killed arthad's ghost
 31781 | Shoals:3 | Killed by the raging water
                  | ... invoked by a water nymph
                  | (24 damage)
 31788 | Shoals:3 | HP: 6/133 [merfolk aquamancer] (2)]
 31796 | Shoals:3 | Slain by a snapping turtle (9 damage)
 31921 | Shoals:3 | HP: 2/133 [merfolk/+0 trident[a merfolk aquamancer] (12)]
 31924 | Shoals:3 | The Shining One protects you from harm!
 32398 | Shoals:3 | HP: 5/134 [wind drake/the air (9)]
 32403 | Shoals:3 | The Shining One protects you from harm!
 32404 | Shoals:3 | Mangled by a merfolk impaler
                  | ... wielding a +3 trident of protection
                  | (14 damage)
 33053 | Shoals:4 | Entered Level 4 of the Shoals
 33592 | Shoals:4 | Reached skill level 5 in Evocations
 33655 | Shoals:4 | HP: 2/135 [merfolk aquamancer/shard of ice (10)]
 33655 | Shoals:4 | Mangled by a merfolk impaler
                  | ... wielding a +3 demon trident of freezing
                  | (8 damage)
 33659 | Shoals:4 | Killed from afar by a frost giant (33 damage)
                  | ... with a bolt of cold
 33661 | Shoals:4 | HP: 3/135 [merfolk impaler/+2 trident of freezing (4)]
 33661 | Shoals:4 | HP: 1/135 [merfolk impaler/+2 trident of freezing (2)]
 33662 | Shoals:4 | The Shining One protects you from harm!
 33662 | Shoals:4 | Killed from afar by a frost giant (38 damage)
                  | ... with a bolt of cold
 33664 | Shoals:4 | Mangled by a merfolk impaler
                  | ... wielding a +1 trident of freezing
                  | (8 damage)
 33673 | Shoals:4 | The Shining One protects you from harm!
 33674 | Shoals:4 | HP: 2/135 [merfolk impaler/+1 trident of freezing (8)]
 33674 | Shoals:4 | Slain by a merfolk impaler
                  | ... wielding a +1 trident of freezing
                  | (2 damage)
 33677 | Shoals:4 | Killed from afar by a frost giant (6 damage)
                  | ... with a bolt of cold
 33681 | Shoals:4 | Slain by a frost giant
                  | ... wielding a +2 battleaxe of freezing
                  | (13 damage)
 33687 | Shoals:4 | Slain by a merfolk impaler
                  | ... wielding a +2 trident of freezing
                  | (11 damage)
 33691 | Shoals:4 | HP: 6/135 [frost giant/+2 battleaxe of freezing (23)]
 33692 | Shoals:4 | Mangled by a merfolk impaler
                  | ... wielding a +2 trident of freezing
                  | (12 damage)
 33701 | Shoals:4 | HP: 5/135 [merfolk impaler/+2 trident of freezing (12)]
 33701 | Shoals:4 | The Shining One protects you from harm!
 33704 | Shoals:4 | Slain by a merfolk impaler
                  | ... wielding a +2 trident of freezing
                  | (11 damage)
 33858 | Shoals:4 | Identified the ring of the Rabble {Drain Fly rF+ EV+5
                  | Int+4}
 33878 | Shoals:4 | The Shining One protects you from harm!
 33894 | Shoals:4 | HP: 6/135 [drowned by a water elemental (8)]
 34238 | Shoals:4 | Got a barnacled rune of Zot
 34586 | Vaults:1 | Entered Level 1 of the Vaults
 34610 | Vaults:1 | Reached XP level 18. HP: 120/142 MP: 22/22
 34638 | Vaults:1 | HP: 5/142 [red ugly thing[an arcanist] (10)]
 34638 | Vaults:1 | Annihilated by a red ugly thing (28 damage)
                  | ... led by an arcanist
 35014 | Vaults:1 | HP: 7/142 [ironbound thunderhulk/bolt of lightning (47)]
 35019 | Vaults:1 | Killed from afar by an ironbound thunderhulk (34 damage)
                  | ... with a bolt of lightning
 35121 | Vaults:1 | Reached skill level 1 in Long Blades
 35126 | Vaults:1 | HP: 2/142 [vault warden/+2 great sword of pain (23)]
 35127 | Vaults:1 | Reached skill level 5 in Shapeshifting
 35128 | Vaults:1 | The Shining One protects you from harm!
 35131 | Vaults:1 | The Shining One protects you from harm!
 35131 | Vaults:1 | HP: 1/142 [deep troll[an ironbound preserver] (3)]
 35132 | Vaults:1 | Slain by a deep troll (1 damage)
                  | ... led by an ironbound preserver
 35135 | Vaults:1 | The Shining One protects you from harm!
 35136 | Vaults:1 | The Shining One protects you from harm!
 35137 | Vaults:1 | Mangled by a deep troll (11 damage)
                  | ... led by an ironbound preserver
 35143 | Vaults:1 | Noticed a sphinx
 35147 | Vaults:1 | Mangled by a sphinx (20 damage)
 35151 | Vaults:1 | Killed a sphinx
 35159 | Vaults:1 | Killed from afar by an ironbound frostheart (15 damage)
                  | ... by creeping frost
 35161 | Vaults:1 | The Shining One protects you from harm!
 35161 | Vaults:1 | Slain by a deep troll simulacrum (13 damage)
                  | ... animated by a necromancer
 35163 | Vaults:1 | HP: 4/142 [deep troll simulacrum[a necromancer] (10)]
 35163 | Vaults:1 | Demolished by a deep troll simulacrum (19 damage)
                  | ... animated by a necromancer
 35168 | Vaults:1 | Slain by an ironbound frostheart simulacrum (7 damage)
                  | ... animated by a necromancer
 35171 | Vaults:1 | Slain by a frost giant
                  | ... wielding a +2 battleaxe of freezing
                  | (27 damage)
 35174 | Vaults:1 | Slain by a vault sentinel
                  | ... wielding a +0 war axe
                  | (16 damage)
 35176 | Vaults:1 | Demolished by a frost giant
                  | ... wielding a +2 battleaxe of freezing
                  | (33 damage)
 35178 | Vaults:1 | Slain by a frost giant
                  | ... wielding a +2 battleaxe of freezing
                  | (16 damage)
 35181 | Vaults:1 | HP: 2/143 [frost giant/+2 battleaxe of freezing (15)]
 35181 | Vaults:1 | Slain by a frost giant
                  | ... wielding a +2 battleaxe of freezing
                  | (5 damage)
 35184 | Vaults:1 | Slain by a great orb of eyes (19 damage)
 35192 | Vaults:1 | HP: 5/143 [ironbound preserver simulacrum[a necromancer]
                  | (33)]
 35192 | Vaults:1 | Killed from afar by a frost giant

Illustrated notes

Levels and vault maps discovered:
D:1:      saegor_arrival_under_anarchy, layout_basic,
          shapermc_ecumenical_altar_mp_ritualfount
D:2:      cheibrodos_greedy_goblins, layout_basic, grunt_decor_clamped,
          chequers_decorated_corner
D:3:      layout_basic, lemuel_doored_altar
D:4:      layout_rooms, minmay_unequal, uniq_grinder
D:5:      layout_loops_cross, old_standard_altar, nicolae_ru_awakened_eye,
          minmay_chambers_of_fives
D:6:      layout_cave_pools, nicolae_wu_jian_wuxing_cycle, serial_gnoll_camp,
          gnoll_camp_huts_moat, gnoll_camp_mini_shop, gnoll_camp_mini_doghouse,
          gnoll_camp_mini_hut, gup_sewer_entry_spiral, kennysheep_diamond,
          uniq_menkaure
D:7:      layout_basic, kennysheep_mini_moat, jmf_multi_god_temple,
          minmay_temple_entry_antechambers, serial_shops,
          nicolae_take_the_stairs
D:8:      layout_rooms, nicolae_uskayaw_dance_hall
D:9:      layout_loops_ring, david_lair_generic, minmay_lizard_king
D:10:     layout_rooms, uniq_sonja
D:11:     layout_rooms, hiddenorc2_lemuel, gauntlet_entry_generic,
          gammafunk_ghost_arena, minmay_misc_feat_plants,
          kennysheep_just_a_vault, uniq_nergalle
D:12:     layout_loops_ring, grunt_gozag_statues, uniq_fannar
D:13:     layout_irregular_city, david_vaults_5, uniq_snorg
D:14:     layout_rooms, nicolae_qazlal_style_of_elements,
          kennysheep_small_square
D:15:     hellmonk_depths_entry_around_the_bend, layout_gridville,
          grunt_decor_fettered
Temple:   nicolae_temple_bog_church
Lair:1:   layout_misc_corridors, serial_bayou_shore_a
Lair:2:   layout_cave_pods, minmay_shoals_entry_hut, spider_nest_entry_webs,
          grunt_forest_large_clearings, lemuel_fruit_tree
Lair:3:   layout_regular_city, nicolae_volcano_entry_two_sided,
          nicolae_quartered_pool_impasse, grunt_megastairs_4
Lair:4:   layout_hall_layers, grunt_megastairs_1, lemuel_fruit_fields,
          infiniplex_staircase_pool
Lair:5:   due_jungle_book, layout_regular_city, dpeg_slime_entry_enclosed,
          chequers_serial_rivers_large_b, pdpol_lair_neglected_garden
Shoals:1: layout_shoals, nicolae_shoals_cliffside_cave,
          nicolae_shoals_this_corrosion
Shoals:2: layout_shoals, uniq_nikola
Shoals:3: layout_shoals, gammafunk_ghost_split
Shoals:4: shoals_end_grunt_ice, layout_shoals
Orc:1:    layout_caves, serial_shops, nicolae_shop_tiny_waterfront, rock_pile
Orc:2:    st_orc_mages, layout_caves, serial_shops, shop, basic_altar,
          nicolae_orc_lava_tube
Vaults:1: ontoclasm_vaults_gateway, ontoclasm_vaults_claustrophobia,
          nicolae_vaults_little_ls, vaults_standard_mumra_x,
          grunt_vaults_twisty, v_misc_33, v_misc_16,
          nicolae_vaults_fighting_squares, nicolae_vaults_wrenched,
          nicolae_vaults_storage_room_water, hangedman_vaults_maws,
          nicolae_vaults_offset_grid_hallway_1, layout_vaults_omnibox
Depths:1: layout_gridlike, ebering_ghost_inner_flame, hellmouth_2,
          wad_floor_pattern_1, minivault_16, hangedman_stitches_earthworm

Skill      XL: |  1  2  3  4  5  6  7  8  9 10 11 12 13 14 15 16 17 18 |
---------------+-------------------------------------------------------+-----
Axes           | 3 4 5 6 8 9 11 12 13 14 15 16 | 16.5
Stealth        | 1 2 3 4 5 6 7 8 9 10 | 10.7
Dodging        | 1 2 3 4 5 6 7 8 9 |  9.9
Armour         | 4 5 6 7 8 9 11 12 13 | 13.9
Fighting       | 4 5 6 7 8 9 10 11 12 13 | 13.0
Shields        | 4 5 6 7 9 10 11 12 | 12.5
Invocations    | 1 3 4 5 6 |  6.1
Shapeshifting  | 1 2 3 4 5 |  5.1
Evocations     | 1 3 4 5 |  5.5
Long Blades    | 1 |  1.7

Action                     |  1- 3 |  4- 6 |  7- 9 | 10-12 | 13-15 | 16-18 || total
---------------------------+-------+-------+-------+-------+-------+-------++-------
  Melee: War axe           |    53 |   152 |   343 |   550 |  1068 |  1211 ||  3377
         Unarmed           |       |       |       |       |       |    24 ||    24
    Use: Scroll            |       |       |     9 |     1 |    12 |     4 ||    26
         Potion            |       |       |       |       |       |     1 ||     1
 Armour: Scale mail        |    26 |   183 |   455 |   207 |       |       ||   871
         Chain mail        |       |       |       |   198 |       |       ||   198
         Plate armour      |       |       |       |   358 |  1451 |  1279 ||  3088
         Skin              |       |       |       |       |       |    44 ||    44
  Dodge: Dodged            |    19 |    96 |   288 |   350 |   429 |   491 ||  1673
  Block: Buckler           |    24 |    48 |   139 |   202 |   134 |       ||   547
         Tower shield      |       |       |       |       |   710 |  1566 ||  2276

Table legend: (Time is in decaauts)
 A = Elapsed time spent in this place.
 B = Non-inter-level travel time spent in this place.
 C = Inter-level travel time spent in this place.
 D = Time resting spent in this place.
 E = Time spent auto-exploring this place.
 F = Levels seen in this place.
 G = Mean time per level.
                   A        B        C        D        E       F      G
               +--------+--------+--------+--------+--------+-----+--------+
         Total |  35740 |  34200 |   1540 |   2890 |  24421 |  30 | 1191.3 |
       Dungeon |  19604 |  18708 |    896 |   1522 |  13953 |  15 | 1306.9 |
        Temple |     40 |     33 |      7 |      0 |      0 |   1 |   40.0 |
          Lair |   6501 |   6144 |    357 |    703 |   4288 |   5 | 1300.2 |
        Shoals |   6184 |   6010 |    174 |    665 |   3834 |   4 | 1546.0 |
  Orcish Mines |   2139 |   2034 |    105 |      0 |   1488 |   2 | 1069.5 |
        Vaults |    624 |    624 |      0 |      0 |    408 |   1 |  624.0 |
        Depths |      1 |      1 |      0 |      0 |      0 |   1 |    1.0 |
       Volcano |    643 |    643 |      0 |      0 |    448 |   1 |  643.0 |
               +--------+--------+--------+--------+--------+-----+--------+

Top non-repeatable levels by time:
    D:12: 2530 daAuts
    D:15: 2434 daAuts
  Lair:5: 2394 daAuts
Shoals:3: 2020 daAuts
Shoals:1: 1623 daAuts
    D:13: 1573 daAuts
     D:6: 1472 daAuts
    D:14: 1442 daAuts
  Lair:3: 1379 daAuts
     D:9: 1283 daAuts
Shoals:4: 1278 daAuts
Shoals:2: 1262 daAuts
     D:5: 1251 daAuts
     D:7: 1232 daAuts
   Orc:2: 1199 daAuts
